AoeStats
← Panda

MegaRandom

510045769Analyzed
4v4 RM · 4d ago on Sep 29, 2026· 42m 11s· 8 players
Game mode
Random Map
Map size
Large (8 player)
Population
200
Speed
Normal
Resources
Standard
Victory
Conquest
Starting age
Dark Age
Ending age
Imperial Age
RankedLock teamsTeams togetherTeam positionsShared explorationLock speedFull tech treeHidden civsTurbo modeCheats
Victory
Defeat
🇹🇷 Chinese · Türkiye
1005
+16
🇹🇼 Spanish · Taiwan
954
+18
🇨🇿 Huns · Czechia
934
+19
🇨🇳 Mongols · China
920
+19
🇺🇸 Koreans · United States
1024
-20
🇺🇸 Persians · United States
1003
-18
🇺🇸 Portuguese · United States
1000
-55
🇺🇸 Maya · United States
947
-46
承
4:44 Loom
10:01 Feudal Age
19:38 Castle Age
18:40 Horse Collar
18:48 Double-Bit Axe
19:16 Stone Mining
19:34 Scale Barding Armor
20:36 Forging
20:39 Bloodlines
21:20 Chain Barding Armor
21:28 Bow Saw
22:16 Heavy Plow
23:53 Husbandry
23:57 Light Cavalry
27:03 Iron Casting
26:28 Gold Mining
28:46 Scale Mail Armor
29:39 Town Watch
30:52 Stone Shaft Mining
34:14 Imperial Age
32:37 Chain Mail Armor
35:25 Wheelbarrow
36:04 Plate Barding Armor
36:31 Blast Furnace
36:39 Hussar
37:54 Murder Holes
38:19 Ballistics
41:43 Hand Cart
crazy hippo
11:22 Feudal Age
18:31 Bloodlines
18:49 Double-Bit Axe
18:45 Horse Collar
19:30 Forging
26:14 Castle Age
26:03 Wheelbarrow
27:03 Husbandry
28:19 Thumb Ring
29:10 Scale Barding Armor
29:07 Padded Archer Armor
29:42 Gold Mining
30:06 Bow Saw
30:07 Fletching
30:27 Heavy Plow
33:34 Iron Casting
34:37 Hand Cart
34:48 Bodkin Arrow
35:15 Chain Barding Armor
43:50 Imperial Age
41:06 Town Watch
41:55 Leather Archer Armor
sultanilhan
0:35 Loom
11:57 Feudal Age
12:45 Double-Bit Axe
13:01 Horse Collar
18:14 Castle Age
16:25 Stone Mining
16:46 Gold Mining
17:14 Fletching
19:20 Bow Saw
19:56 Stone Shaft Mining
19:35 Heavy Plow
21:55 Padded Archer Armor
23:14 Bodkin Arrow
24:16 Gold Shaft Mining
26:50 Leather Archer Armor
29:02 Ballistics
33:57 Imperial Age
35:59 Chemistry
35:10 Masonry
36:42 Conscription
37:00 Bracer
38:54 Thumb Ring
39:22 Ring Archer Armor
40:03 Elite Chu Ko Nu
JozefCZ
5:19 Loom
10:16 Feudal Age
10:38 Horse Collar
10:47 Double-Bit Axe
18:50 Castle Age
16:44 Gold Mining
18:45 Wheelbarrow
17:57 Town Watch
18:57 Bloodlines
19:28 Scale Barding Armor
19:35 Forging
20:42 Bow Saw
21:39 Husbandry
24:41 Hand Cart
28:55 Heavy Plow
29:45 Chain Barding Armor
34:59 Imperial Age
35:03 Iron Casting
36:40 Plate Barding Armor
37:06 Blast Furnace
35:29 Cavalier
37:03 Paladin
40:07 Murder Holes
40:23 Masonry
Biggie Bjorn
14:10 Feudal Age
20:52 Wheelbarrow
20:18 Double-Bit Axe
24:29 Horse Collar
24:44 Gold Mining
43:13 Castle Age
Ardwen
9:42 Loom
11:56 Feudal Age
12:20 Horse Collar
12:30 Double-Bit Axe
17:25 Wheelbarrow
19:21 Town Watch
22:28 Castle Age
21:36 Stone Mining
21:48 Fletching
23:08 Town Watch
23:51 Scale Mail Armor
23:49 Bodkin Arrow
24:32 Scale Mail Armor
25:28 Squires
27:47 Elite Skirmisher
29:43 Bow Saw
31:38 Ballistics
32:48 Pikeman
33:51 Eupseong
34:32 Murder Holes
Panda
7:26 Loom
16:44 Feudal Age
19:17 Wheelbarrow
28:52 Town Watch
32:58 Man-at-Arms
TBC Nation
9:43 Loom
11:35 Feudal Age
12:20 Double-Bit Axe
16:07 Horse Collar
19:49 Castle Age
19:33 Stone Mining
21:08 Husbandry
24:07 Wheelbarrow
24:51 Bow Saw
25:44 Bloodlines
25:48 Scale Barding Armor
25:54 Forging
33:20 Loom
37:38 Gold Mining
Connection lost

Rejoining the realm…

Still unreachable

The connection could not be restored.

Session expired

The server has moved on; the page needs a fresh start.